 Dungeon Crawl Stone Soup version 0.24.0-29-g8ce449bc06 (webtiles) character file.

Game seed: 16983443244676610328, levelgen mode: deterministic

98 FishyPogo the Magician (level 4, -5/32 HPs)
             Began as a Gnoll Wizard on Nov 15, 2019.
             Was an Initiate of Sif Muna.
             Killed by nerve-wracking pain
             ... invoked by Grinder
              (12 damage)
             ... on level 3 of the Dungeon.
             The game lasted 00:06:45 (2190 turns).

FishyPogo the Magician (Gnoll Wizard)               Turns: 2190, Time: 00:06:45

Health: -5/32      AC:  3    Str:  9    XL:     4   Next: 69%
Magic:  2/13       EV: 14    Int: 26    God:    Sif Muna [......]
Gold:   124        SH:  0    Dex: 14    Spells: 6/17 levels left

rFire    . . .     SeeInvis .     - Unarmed
rCold    . . .     Gourm    .   (no shield)
rNeg     . . .     Faith    .   a - +0 robe
rPois    +         Spirit   .   b - +0 hat
rElec    .         Reflect  .   (no cloak)
rCorr    .         Harm     .   v - +0 pair of gloves
MR       +....                  (no boots)
Stlth    +++.......             (no amulet)
HPRegen  0.10/turn              p - ring of protection from magic
MPRegen  0.13/turn              s - ring of poison resistance

@: brilliant, very slightly contaminated, hasted and slowed
A: distributed training, fangs 1, strong nose
a: Renounce Religion


You were on level 3 of the Dungeon.
You worshipped Sif Muna.
Sif Muna was noncommittal.
You were not hungry.

You visited 1 branch of the dungeon, and saw 3 of its levels.

You collected 124 gold pieces.

Inventory:

Missiles
 n - 35 stones (quivered)
Armour
 a - a +0 robe (worn)
 b - a +0 hat (worn)
 v - a +0 pair of gloves (worn)
Jewellery
 c - an uncursed ring of ice
 p - a ring of protection from magic (left hand)
 s - a ring of poison resistance (right hand)
Scrolls
 e - 2 scrolls of immolation {unknown}
 g - 3 scrolls of teleportation {unknown}
 h - 3 scrolls of remove curse {unknown}
 i - 2 scrolls of fog {unknown}
 k - a scroll of noise {unknown}
 l - 2 scrolls of identify {unknown}
 m - a scroll of enchant weapon {unknown}
 u - 2 scrolls of magic mapping {unknown}
 w - a scroll of blinking {unknown}
Potions
 f - a potion of heal wounds {unknown}
 j - a potion of curing
 r - 2 potions of haste
Comestibles
 d - 6 rations
 t - a chunk of flesh


   Skills:
 + Level 1.2 Fighting
 + Level 1.2 Short Blades
 + Level 1.2 Long Blades
 + Level 1.2 Axes
 + Level 1.2 Maces & Flails
 + Level 1.2 Polearms
 + Level 1.2 Staves
 + Level 1.2 Slings
 + Level 1.2 Bows
 + Level 1.2 Crossbows
 + Level 1.2 Throwing
 + Level 1.2 Armour
 + Level 4.6 Dodging
 + Level 4.3 Stealth
 + Level 1.2 Shields
 + Level 1.2 Unarmed Combat
 + Level 7.2 Spellcasting
 + Level 2.2 Conjurations
 + Level 1.0 Hexes
 + Level 1.0 Charms
 + Level 2.2 Summonings
 + Level 1.0 Necromancy
 + Level 2.2 Translocations
 + Level 1.0 Transmutations
 + Level 1.0 Fire Magic
 + Level 1.0 Ice Magic
 + Level 1.0 Air Magic
 + Level 1.0 Earth Magic
 + Level 1.0 Poison Magic
 + Level 1.3 Invocations
 + Level 1.2 Evocations


You had 6 spell levels left.
You knew the following spells:

 Your Spells              Type           Power        Failure   Level  Hunger
a - Magic Dart            Conj           ####         1%          1    None
c - Slow                  Hex            ####....     1%          2    None
j - Conjure Flame         Conj/Fire      ####....     1%          3    None
p - Call Imp              Summ           #####...     1%          2    None
y - Mephitic Cloud        Conj/Pois/Air  ####....     1%          3    None

Your spell library contained the following spells:

 Spells                   Type           Power        Failure   Level  Hunger
 Blink                    Tloc           N/A          1%          2    None


Dungeon Overview and Level Annotations

Branches:
Dungeon (3/15)

Altars:
Cheibriados
Kikubaaqudgha
Sif Muna
Trog
Vehumet
Yredelemnul

Annotations:
D:3 Grinder


Innate Abilities, Weirdness & Mutations

Your experience applies equally to all skills.
You have very sharp teeth.
Your uncanny sense of smell can sniff out nearby items.


Message History

Your Poison Magic skill increases to level 1!
Grinder gestures at you. Pain shoots through your body!
The hound closely misses Grinder.
Grinder closely misses you.
Okay, then.
As you read the scroll labeled OCZUMNU ZOTYTY, it crumbles to dust.
You assume a fearsome visage.
The hound looks frightened!
Grinder is unaffected.
It was a scroll of fear.
Grinder hits you.
* * * LOW HITPOINT WARNING * * *
You writhe in agony.
* * * LOW HITPOINT WARNING * * *
Grinder gestures at you.
You easily resist.
It was a potion of curing.
You feel better.
Grinder blinks! x2
You feel yourself speed up. Grinder gestures at you.
You easily resist.
Grinder gestures at you. Pain shoots through your body!
You die...

#.... ..$# # ∆ .
#..## #. #
...###...###§#. .#
..............#
#.### ∆∆ #...#
.###....
#...######.#..# ∆
#...[.......[.#####
#..########@5......
#..# ###.##### #..#
# #..##
.#####...######
<..............
.........######
######.### # #.#


You could see Grinder.

Vanquished Creatures
  Natasha (D:3)
  An adder (D:2)
  An ooze (D:1)
  A worm (D:2)
  A dart slug (D:1)
  2 leopard geckos
  5 giant cockroaches
  3 goblins
  10 hobgoblins
  2 jackals (D:1)
  A quokka (D:2)
  6 bats
  3 frilled lizards
  4 kobolds
  11 rats
52 creatures vanquished.

Vanquished Creatures (collateral kills)
  A leopard gecko (D:1)
  2 bats
  A kobold (D:2)
  A rat (D:1)
5 creatures vanquished.

Grand Total: 57 creatures vanquished

Notes
Turn   | Place    | Note
-------+----------+-------------------------------------------
     0 | D:1      | FishyPogo the Gnoll Wizard began the quest for the Orb.
     0 | D:1      | Reached XP level 1. HP: 13/13 MP: 8/8
   152 | D:1      | Reached XP level 2. HP: 19/19 MP: 6/10
   217 | D:1      | Learned a level 2 spell: Call Imp
   220 | D:1      | Learned a level 2 spell: Slow
   373 | D:1      | Reached XP level 3. HP: 25/25 MP: 4/11
  1059 | D:2      | Found a bloodstained altar of Trog.
  1061 | D:2      | Found an ancient bone altar of Kikubaaqudgha.
  1061 | D:2      | Found a snail-covered altar of Cheibriados.
  1061 | D:2      | Found a basalt altar of Yredelemnul.
  1062 | D:2      | Reached skill level 1 in Invocations
  1068 | D:2      | Found a radiant altar of Vehumet.
  1068 | D:2      | Found a shimmering blue altar of Sif Muna.
  1076 | D:2      | Became a worshipper of Sif Muna the Loreminder
  1163 | D:2      | Learned a level 3 spell: Mephitic Cloud
  1167 | D:2      | Learned a level 3 spell: Conjure Flame
  1222 | D:2      | Reached skill level 1 in Fighting
  1222 | D:2      | Reached skill level 1 in Short Blades
  1222 | D:2      | Reached skill level 1 in Long Blades
  1222 | D:2      | Reached skill level 1 in Axes
  1222 | D:2      | Reached skill level 1 in Maces & Flails
  1222 | D:2      | Reached skill level 1 in Polearms
  1222 | D:2      | Reached skill level 1 in Staves
  1222 | D:2      | Reached skill level 1 in Slings
  1222 | D:2      | Reached skill level 1 in Bows
  1222 | D:2      | Reached skill level 1 in Crossbows
  1222 | D:2      | Reached skill level 1 in Throwing
  1222 | D:2      | Reached skill level 1 in Armour
  1222 | D:2      | Reached skill level 1 in Shields
  1222 | D:2      | Reached skill level 1 in Unarmed Combat
  1222 | D:2      | Reached skill level 1 in Evocations
  1395 | D:2      | Reached XP level 4. HP: 32/32 MP: 10/13
  2151 | D:3      | Noticed Natasha
  2174 | D:3      | Noticed Grinder
  2187 | D:3      | Killed Natasha
  2187 | D:3      | Reached skill level 1 in Hexes
  2187 | D:3      | Reached skill level 1 in Charms
  2187 | D:3      | Reached skill level 1 in Necromancy
  2187 | D:3      | Reached skill level 1 in Transmutations
  2187 | D:3      | Reached skill level 1 in Fire Magic
  2187 | D:3      | Reached skill level 1 in Ice Magic
  2187 | D:3      | Reached skill level 1 in Air Magic
  2187 | D:3      | Reached skill level 1 in Earth Magic
  2187 | D:3      | Reached skill level 1 in Poison Magic
  2190 | D:3      | Killed from afar by Grinder

Levels and vault maps discovered:
D:1:      lightli_arrival_lavapool, layout_loops_corners,
          hangedman_decor_clover_reticule, chequers_serial_rivers_marsh,
          hangedman_abyss_or_decor_lesser_grid, minivault_23, minmay_hexomino_f4
D:2:      layout_loops_corners, minmay_overflow_temple_hex, first_ration,
          minmay_joined_circles
D:3:      layout_loops_ring, makhleb_heckhound_becter,
          kennysheep_generic_room_11, uniq_sigmund, uniq_grinder, uniq_natasha

Skill      XL: |  1  2  3  4 |
---------------+-------------+-----
Conjurations   | 2 |  2.2
Summonings     | 2 |  2.2
Translocations | 2 |  2.2
Invocations    | 1 |  1.3
Fighting       | 1 |  1.2
Short Blades   | 1 |  1.2
Long Blades    | 1 |  1.2
Axes           | 1 |  1.2
Maces & Flails | 1 |  1.2
Polearms       | 1 |  1.2
Staves         | 1 |  1.2
Slings         | 1 |  1.2
Bows           | 1 |  1.2
Crossbows      | 1 |  1.2
Throwing       | 1 |  1.2
Armour         | 1 |  1.2
Shields        | 1 |  1.2
Unarmed Combat | 1 |  1.2
Evocations     | 1 |  1.2
Hexes          | 1 |  1.0
Charms         | 1 |  1.0
Necromancy     | 1 |  1.0
Transmutations | 1 |  1.0
Fire Magic     | 1 |  1.0
Ice Magic      | 1 |  1.0
Air Magic      | 1 |  1.0
Earth Magic    | 1 |  1.0
Poison Magic   | 1 |  1.0
Dodging        | |  4.6
Stealth        | |  4.3
Spellcasting   | |  7.2

Action                   |  1- 3 |  4- 6 || total
-------------------------+-------+-------++-------
Melee: Unarmed           |    16 |    56 ||    72
       Bite              |     3 |     3 ||     6
       Punch             |       |     1 ||     1
 Cast: Magic Dart        |    64 |    37 ||   101
       Call Imp          |    10 |       ||    10
       Conjure Flame     |     1 |       ||     1
       Mephitic Cloud    |       |     3 ||     3
  Use: Potion            |       |     3 ||     3
       Scroll            |       |     1 ||     1
 Stab: Sleeping          |     1 |       ||     1
       Confused          |       |     3 ||     3
  Eat: Chunk             |     1 |     3 ||     4
Armor: Robe              |     5 |    12 ||    17
Dodge: Dodged            |    28 |    42 ||    70
